 Dungeon Crawl Stone Soup version 0.31-a0-716-gc7603755dd (webtiles) character file.

Game seed: 13709205806093715795

200968 Itev the Spry (level 17, -5/163 HPs)
             Began as a Minotaur Fighter on Sept 10, 2023.
             Was the Champion of Okawaru.
             Slain by a fenstrider witch (8 damage)
             ... while paralysed by a fenstrider witch
             ... on level 2 of the Swamp.
             The game lasted 00:49:57 (23400 turns).

Itev the Spry (Minotaur Fighter)                   Turns: 23400, Time: 00:49:57

Health: -5/163     AC: 43    Str: 34    XL:     17   Next: 89%
Magic:  16/16      EV:  2    Int:  5    God:    Okawaru [******]
Gold:   550        SH:  0    Dex: 14    Spells: 16/16 levels left

rFire   + . .        O - +6 broad axe of Gallantry {flame, rF+}
rCold   + . .        s - +2 kite shield {AC+3}
rNeg    + . .        R - +10 plate armour "Butten" {rPois rN+}
rPois   +            G - +2 hat
rElec   .            T - +1 cloak {rCorr}
rCorr   +            c - +2 pair of gloves
SInv    .            (no boots)
Will    +....        i - amulet of Vitality {RegenMP++ Regen++} Stlth
                     N - +4 ring of protection
HPRegen 2.07/turn    u - ring of Keosyu {rC+ rCorr Str+6 Dex+3}
MPRegen 0.95/turn

%: no passive effects
@: paralysed
A: horns 2, retaliatory headbutt, MP-powered wands, sturdy frame 1
}: 1/15 runes: serpentine
a: Renounce Religion, Heroism, Finesse, Duel


You were on level 2 of the Swamp.
You worshipped Okawaru.
Okawaru was exalted by your worship.
You visited 6 branches of the dungeon, and saw 29 of its levels.
You also visited: Ice Cave.

You collected 2994 gold pieces.
You spent 2444 gold pieces at shops.

Inventory:

Hand Weapons
 a - a +3 war axe of protection
 O - the +6 broad axe of Gallantry (weapon) {flame, rF+}
   (Okawaru gifted it to you on level 5 of the Lair of Beasts)

   rF+:       It protects you from fire.
Missiles
 L - a throwing net
Armour
 c - a +2 pair of gloves (worn)
 p - a +6 chain mail of fire resistance
 r - the +1 pair of gloves of Polytheism {rElec rF- rC++ Int+3}
   (You found it on level 7 of the Dungeon)

   Int+3:     It affects your intelligence (+3).
   rF-:       It makes you vulnerable to fire.
   rC++:      It greatly protects you from cold.
   rElec:     It insulates you from electricity.
 s - a +2 kite shield of protection (worn)
 z - the +8 plate armour of the Big Bang {Fly Dex+5}
   (Okawaru gifted it to you on level 13 of the Dungeon)

   Dex+5:     It affects your dexterity (+5).
   Fly:       It grants you flight.
 E - the +0 buckler of Moral Flaws {Will+}
   (You found it on level 14 of the Dungeon)

   Will+:     It increases your willpower.
 G - a +2 hat (worn)
 R - the +10 plate armour "Butten" (worn) {rPois rN+}
   (Okawaru gifted it to you on level 2 of the Snake Pit)

   rPois:     It protects you from poison rN+: It protects you from negative
   energy.
 T - a +1 cloak of preservation (worn)
Jewellery
 b - the ring of Roloph {Fire Dex+3}
   (You found it on level 6 of the Dungeon)

   [ring of fire]

   Fire:      It enhances your fire magic.
   Dex+3:     It affects your dexterity (+3).
   rF+:       It protects you from fire.
   rC-:       It makes you vulnerable to cold.
 i - the amulet of Vitality (around neck) {RegenMP++ Regen++}
   (You bought it in a shop on level 2 of the Orcish Mines)

   [amulet of magic regeneration]

   RegenMP:   It increases your rate of magic regeneration.
   Regen++:   It increases your rate of health regeneration.
 t - a +6 ring of intelligence
 u - the ring of Keosyu (right hand) {rC+ rCorr Str+6 Dex+3}
   (You took it off a centaur warrior on level 13 of the Dungeon)

   [ring of strength]

   Str+6:     It affects your strength (+6).
   Dex+3:     It affects your dexterity (+3).
   rC+:       It protects you from cold.
   rCorr:     It protects you from acid and corrosion.
 v - a ring of ice
 M - a ring of protection from fire
 N - a +4 ring of protection (left hand)
 P - the ring "Kanlebb" {rPois rC+ Dex+3}
   (You found it on level 1 of the Snake Pit)

   [ring of protection from cold]

   Dex+3:     It affects your dexterity (+3).
   rC+:       It protects you from cold.
   rPois:     It protects you from poison
Wands
 k - a wand of paralysis (26)
 m - a wand of flame (62)
 B - a wand of quicksilver (14)
 D - a wand of iceblast (26)
 H - a wand of mindburst (6)
 Q - a wand of polymorph (3)
Scrolls
 l - 12 scrolls of teleportation
 n - 6 scrolls of immolation
 o - 4 scrolls of fear
 y - a scroll of brand weapon
 A - 6 scrolls of revelation
 C - 15 scrolls of identify
 K - a scroll of enchant weapon
Potions
 d - 2 potions of lignification
 e - 20 potions of curing
 f - a potion of resistance
 g - 5 potions of attraction
 h - a potion of magic
 j - a potion of invisibility
 q - a potion of ambrosia
 w - 3 potions of enlightenment
 F - a potion of berserk rage
 I - a potion of mutation
 J - 4 potions of might
 S - a potion of cancellation


   Skills:
 + Level 18.0 Fighting
 + Level 17.8 Axes
 + Level 18.1 Armour
 + Level 19.0 Dodging
 + Level 18.1 Shields


You had 16 spell levels left.
You didn't know any spells.
Your spell library contained the following spells:

 Spells                   Type           Power      Damage    Failure   Level
 Shock                    Conj/Air       0%         1d3       88%         1
 Cigotuvi's Dreadful Rot  Necr/Pois/Air  0%         N/A       96%         2
 Ensorcelled Hibernation  Hex/Ice        0%         N/A       96%         2
 Passwall                 Tmut/Erth      0%         N/A       96%         2
 Scorch                   Fire           0%         2d5       96%         2
 Gell's Gravitas          Tloc           0%         N/A       99%         3
 Ozocubu's Armour         Ice            0%         N/A       99%         3
 Sigil of Binding         Hex            0%         N/A       99%         3
 Swiftness                Air            0%         N/A       99%         3
 Teleport Other           Tloc           0%         N/A       99%         3
 Volatile Blastmotes      Fire/Tloc      0%         2d10      99%         3
 Airstrike                Air            0%         2d(0-16)  100%        4
 Dimensional Bullseye     Hex/Tloc       0%         N/A       100%        4
 Dispel Undead            Necr           0%         3d6       100%        4
 Flame Wave               Conj/Fire      0%         2d4       100%        4
 Fulminant Prism          Conj/Hex       0%         3d5       100%        4
 Iskenderun's Mystic Bla  Conj/Tloc      0%         2d3       100%        4
 Leda's Liquefaction      Hex/Erth       0%         N/A       100%        4
 Alistair's Intoxication  Tmut/Pois      0%         N/A       100%        5
 Borgnjor's Vile Clutch   Necr/Erth      0%         N/A       100%        5
 Lee's Rapid Deconstruct  Erth           0%         3d4*      100%        5
 Metabolic Englaciation   Hex/Ice        0%         N/A       100%        5
 Dispersal                Tloc           0%         N/A       100%        6
 Eringya's Noxious Bog    Tmut/Pois      0%         4d6       100%        6
 Leda's Unmaking          Conj/Erth      0%         9d1       100%        6
 Ozocubu's Refrigeration  Ice            0%         4d7       100%        7
 Polar Vortex             Ice            0%         N/A       100%        9
 Call Canine Familiar     Summ           Unusable   N/A       N/A         3
 Animate Armour           Summ/Erth      Unusable   N/A       N/A         4
 Summon Lightning Spire   Summ/Air       Unusable   N/A       N/A         4
 Death Channel            Necr           Unusable   N/A       N/A         6
 Simulacrum               Ice/Necr       Unusable   N/A       N/A         6
 Summon Cactus Giant      Summ           Unusable   N/A       N/A         6

Dungeon Overview and Level Annotations

Branches:
Dungeon (15/15) Temple (1/1) D:4 Lair (5/5) D:8 Swamp (2/4) Lair:2 Snake (4/4) Lair:3 Slime (0/5) Lair:4 Orc (2/2) D:10 Elf (0/3) Orc:2 Vaults (0/5) D:13 D:14 Depths (0/4) D:15 IceCv (visited)

Altars:
Ashenzari
Cheibriados
Dithmenos
Elyvilon
Fedhas
Gozag
Hepliaklqana
Kikubaaqudgha
Makhleb
Nemelex Xobeh
Okawaru
Qazlal
Ru
Sif Muna
Trog
Uskayaw
Vehumet
Wu Jian
Xom
Yredelemnul
Zin
The Shining One

Shops:
D:6 *[(   D:9 [[!   D:10 *   Orc:2 =(*[=!   Snake:1 ?!   Snake:2 (

Annotations:
Swamp:2 1 runed translucent door


Innate Abilities, Weirdness & Mutations

You have a pair of horns on your head.
You reflexively headbutt those who attack you in melee.
You expend magic power (3 MP) to strengthen your wands.
Your movements are slightly less encumbered by armour. (ER -2)


Message History

The fenstrider witch points at you and mumbles some strange words.
Your body is wracked with pain!
The fenstrider witch gestures at you while chanting.
Your body is wracked with pain!
Unknown command.
Unknown command.
You are too injured to fight recklessly!
Unknown command.
You are too injured to fight recklessly!
Unknown command.
You are too injured to fight recklessly!
Unknown command.
You are too injured to fight recklessly!
Unknown command.
You are too injured to fight recklessly!
Unknown command.
You barely miss the fenstrider witch.
The fenstrider witch is lightly wounded.
You hit the fenstrider witch. You burn the fenstrider witch.
The fenstrider witch points at you and mumbles some strange words.
You suddenly lose the ability to move!
The fenstrider witch hits you but does no damage.
The fenstrider witch kicks you.
The fenstrider witch gestures at you while chanting.
You shrug off the repeated paralysis!
The fenstrider witch completely misses you.
The fenstrider witch kicks you but does no damage.
The fenstrider witch points at you and mumbles some strange words.
Your body is wracked with pain!
* * * LOW HITPOINT WARNING * * *
The fenstrider witch casts a spell at you.
Your body is wracked with pain!
* * * LOW HITPOINT WARNING * * *
The fenstrider witch hits you!
* * * LOW HITPOINT WARNING * * *
The fenstrider witch kicks you!
* * * LOW HITPOINT WARNING * * *
The fenstrider witch hits you but does no damage.
The fenstrider witch kicks you!
You die...

♣♣....♣♣#
♣~.~~~♣♣~.~.~~...~.
♣♣.♣♣~.~♣
.~.~♣♣~§~~..~~.~..
♣♣.♣♣♣.~~#
♣≈~.~♣~.......~.~.
♣♣..♣ ♣.♣# ♣~#
##~~..~......
♣.~.♣♣ ♣♣ ♣~♣ ♣~#
#~~§..~.....
♣♣~.~♣♣ ♣♣..♣♣♣♣§#
#~~..~~~.~..
♣♣~~~♣♣♣~§.♣♣~♣H#
#♣.(..~....~
♣~...~~.~.♣.~♣H#
###♣.~~~.~...~
♣♣~~~~.~~~♣♣.H@♣
♣..~...~..~..♣
♣♣.~~~~~~~♣♣...♣
♣♣.........~~~
♣~~.~~~~~.♣~~.♣♣
♣.~.~§~....~♣ ♣
♣♣~~~~.~~.♣~~~.♣
♣~.~..~..♣~♣♣
♣♣♣....~.~~..~..♣♣
♣..†.~...~~♣♣
.♣.^§~...♣....♣♣♣
♣♣.♣.....~..~♣
~§~~~~~.♣♣♣~.~♣
♣>~.♣.♣~.♣~..♣
~♣.~~~~.♣♣♣..♣♣
♣♣~♣♣♣♣♣♣♣♣.♣♣
§♣~~~§~~~♣♣..♣
♣.♣.♣ ♣♣♣


You could see 3 fenstrider witches.

Vanquished Creatures
  Nikola (Snake:4)
  A tentacled monstrosity (Swamp:1)
  Jorgrun (Orc:1)
  Mlioglotl (Snake:1)
  Rupert (D:13)
  Agnes (D:14)
  Kirke (Lair:3)
  2 thorn hunters (Swamp:1)
  6 nagarajas
  A fenstrider witch (Swamp:1)
  An orc warlord (Orc:2)
  A reaper (IceCv)
  Azrael (D:11)
  2 eleionomae (Swamp:2)
  The ghost of Wonea the Eviscerator, a journeyman FeSh of Wu Jian (Snake:2)
  5 dire elephants (Lair:5)
  3 bunyips
  An ettin (D:15)
  Josephine (D:12)
  A salamander tyrant (Snake:4)
  5 hydras
  A catoblepas (Lair:4)
  Erolcha (Orc:2)
  2 alligators (Swamp:1)
  2 ogre magi
  10 anacondas
  16 two-headed ogres
  13 centaur warriors
  2 death knights
  11 naga warriors
  3 death yaks (D:8)
  7 boulder beetles
  2 tengu warriors
  An orc high priest (Orc:1)
  7 naga sharpshooters
  Urug (D:13)
  The ghost of hackon the Trooper, a novice OgFE (D:6)
  A deep elf knight (D:13)
  A spectral dire elephant (Lair:5)
  Sonja (Orc:1)
  4 salamander mystics (Snake:4)
  5 shock serpents
  A deep troll (D:15)
  A spectral anaconda (Lair:5)
  A spectral death yak (Lair:5)
  2 goliath frogs (Swamp:1)
  4 swamp dragons
  Lodul (D:13)
  5 bog bodies
  An obsidian statue (Lair:5)
  5 orc knights
  10 naga ritualists
  A phantasmal warrior (D:14)
  2 deep elf archers (D:13)
  3 deep elf pyromancers
  6 necromancers
  A deep elf zephyrmancer (D:15)
  4 orc sorcerers
  8 mana vipers
  14 salamanders
  21 ugly things
  A wizard (D:15)
  2 cyclopes (D:13)
  9 elephants
  7 manticores
  8 guardian serpents
  29 black mambas
  2 ice statues (IceCv)
  15 naga magi
  A dire elephant zombie (Lair:5)
  10 cane toads
  3 unseen horrors
  A gargoyle (D:11)
  7 komodo dragons
  A freezing wraith (D:15)
  2 rime drakes
  2 tengu conjurers
  An anaconda simulacrum (IceCv)
  5 ice devils (IceCv)
  An efreet (D:13)
  2 polar bears
  3 meliai
  6 trolls
  4 tyrant leeches
  3 hornets
  12 dream sheep
  16 blink frogs
  A spectral elephant (Lair:5)
  14 slime creatures
  A vampire (D:13)
  4 shadows
  11 wraiths
  2 dire elephant simulacra
  2 basilisks
  3 spriggans
  2 hogs (Lair:3)
  19 yaks
  3 wyverns
  3 fire elementals (D:11)
  19 humans
  13 vampire mosquitoes
  4 death yak simulacra
  53 nagas
  2 spectral cane toads (Lair:5)
  3 swamp worms
  4 wargs (Orc:2)
  11 water moccasins
  4 hell hounds (D:11)
  3 swamp drakes
  25 orc warriors
  An ice beast (D:6)
  4 elephant zombies (Lair:5)
  2 sky beasts
  19 ogres
  24 centaurs
  3 wolves (Lair:2)
  2 elephant skeletons (Lair:5)
  3 kobold brigands
  9 bullfrogs
  Blork the orc (Orc:2)
  2 scorpions
  2 two-headed ogre simulacra (IceCv)
  8 cane toad simulacra
  4 wights (D:7)
  6 killer bees (D:10)
  5 howler monkeys
  4 hounds
  A gnoll bouda (Orc:2)
  14 orc priests
  4 sleepcaps
  Jessica (D:3)
  2 iguanas
  Terence (D:3)
  21 orc wizards
  A hell rat (D:8)
  A spriggan simulacrum (IceCv)
  6 troll simulacra
  A wolf simulacrum (IceCv)
  A bullfrog simulacrum (D:6)
  8 adders
  7 gnolls
  3 naga simulacra
  2 shadow imps (D:5)
  6 white imps
  A howler monkey simulacrum (D:6)
  An ufetubus (IceCv)
  2 worms
  4 dart slugs
  58 orcs
  11 ball pythons
  10 endoplasms
  4 giant cockroaches
  14 goblins
  8 hobgoblins
  3 jackals (D:1)
  5 quokkas
  5 bats
  7 frilled lizards
  17 kobolds
  3 rats
912 creatures vanquished.

Vanquished Creatures (others)
  A black mamba (Snake:4)
  2 dream sheep (Lair:4)
  2 two-headed ogre simulacra (D:13)
  An orc wizard (Orc:2)
  An orc (D:11)
7 creatures vanquished.

Grand Total: 919 creatures vanquished

Notes
Turn   | Place    | Note
-------+----------+-------------------------------------------
     0 | D:1      | Itev the Minotaur Fighter began the quest for the Orb.
     0 | D:1      | Reached XP level 1. HP: 19/19 MP: 0/0
    80 | D:1      | Reached XP level 2. HP: 24/27 MP: 1/1
   286 | D:1      | Reached skill level 1 in Dodging
   383 | D:1      | Found a faded altar of an unknown god.
   488 | D:1      | Reached XP level 3. HP: 33/33 MP: 2/2
  1324 | D:3      | Noticed Jessica
  1333 | D:3      | Killed Jessica
  1334 | D:3      | Reached XP level 4. HP: 40/40 MP: 3/3
  1483 | D:3      | Reached skill level 2 in Dodging
  1483 | D:3      | Reached XP level 5. HP: 43/47 MP: 4/4
  1668 | D:3      | Noticed Terence
  1677 | D:3      | Killed Terence
  1863 | D:4      | Noticed an ogre
  1870 | D:4      | Killed an ogre
  1963 | D:4      | Reached XP level 6. HP: 55/55 MP: 5/5
  1982 | D:4      | Found a staircase to the Ecumenical Temple.
  1993 | Temple   | Entered the Ecumenical Temple
  2018 | Temple   | Became a worshipper of Warmaster Okawaru
  2238 | D:4      | Reached skill level 5 in Armour
  2238 | D:4      | Reached skill level 5 in Shields
  2279 | D:4      | Reached skill level 5 in Fighting
  2284 | D:4      | Reached skill level 3 in Dodging
  2724 | D:5      | Entered Level 5 of the Dungeon
  2739 | D:5      | Reached XP level 7. HP: 61/61 MP: 6/6
  2810 | D:5      | Reached * piety under Okawaru
  2983 | D:5      | Noticed a troll
  2992 | D:5      | Killed a troll
  2993 | D:5      | Reached skill level 5 in Axes
  3102 | D:5      | Reached skill level 4 in Dodging
  3266 | D:6      | Noticed hackon's ghost (novice OgFE)
  3300 | D:6      | Found a runed translucent gate.
  3300 | D:6      | Found a runed translucent gate.
  3300 | D:6      | Found a runed translucent gate.
  3359 | D:6      | Found Iruont's Antique Weapon Shoppe.
  3384 | D:6      | Found a shimmering blue altar of Sif Muna.
  3415 | D:6      | Reached ** piety under Okawaru
  3455 | D:6      | Found Urghuebb's Assorted Antiques.
  3473 | D:6      | Bought a glowing chain mail for 232 gold pieces
  3473 | D:6      | Bought a green potion for 27 gold pieces
  3557 | D:6      | Reached XP level 8. HP: 70/70 MP: 7/7
  3815 | D:6      | Found Qoiliazu's Armour Shop.
  3955 | D:6      | Killed hackon's ghost
  3956 | D:6      | Reached skill level 5 in Dodging
  3968 | D:6      | Got the ring of Roloph {Fire Dex+3}
  4015 | D:7      | Identified the +1 pair of gloves of Polytheism {rElec rF-
                  | rC++ Int+3}
  4105 | D:7      | Reached XP level 9. HP: 75/79 MP: 8/8
  4290 | D:7      | Reached skill level 6 in Dodging
  4293 | D:7      | Reached *** piety under Okawaru
  4509 | D:8      | Noticed a death yak
  4522 | D:8      | Noticed a death yak
  4523 | D:8      | Killed a death yak
  4523 | D:8      | Noticed a death yak
  4524 | D:8      | Reached skill level 7 in Dodging
  4528 | D:8      | Killed a death yak
  4528 | D:8      | Reached **** piety under Okawaru
  4535 | D:8      | Killed a death yak
  4536 | D:8      | Reached skill level 8 in Dodging
  4536 | D:8      | Reached XP level 10. HP: 48/90 MP: 9/9
  4546 | D:8      | Found a staircase to the Lair.
  5158 | D:9      | Reached ***** piety under Okawaru
  5168 | D:9      | Reached skill level 9 in Dodging
  5241 | D:9      | Found Omiphoux's Armour Shop.
  5242 | D:9      | Found Ruguletz's Antique Armour Boutique.
  5255 | D:9      | Noticed a green ugly thing
  5265 | D:9      | Killed a green ugly thing
  5367 | D:9      | Noticed a two-headed ogre
  5375 | D:9      | Killed a two-headed ogre
  5487 | D:9      | Found Geit's Distillery.
  5492 | D:9      | Bought a potion of curing for 36 gold pieces
  5492 | D:9      | Bought a potion of might for 48 gold pieces
  5808 | D:10     | Entered Level 10 of the Dungeon
  5808 | D:10     | Found a staircase to the Orcish Mines.
  5903 | D:10     | Noticed a two-headed ogre
  5916 | D:10     | Killed a two-headed ogre
  5916 | D:10     | Received a gift from Okawaru
  5917 | D:10     | Reached skill level 10 in Dodging
  5917 | D:10     | Reached XP level 11. HP: 66/99 MP: 10/10
  5974 | D:10     | Found Boiledgh's General Store.
  5983 | D:10     | Bought a scroll of identify for 32 gold pieces
  6121 | D:10     | Identified the +1 leather armour "Captitt" {rElec Dex+3}
  6233 | D:10     | Reached skill level 10 in Fighting
  6233 | D:10     | Reached skill level 10 in Armour
  6306 | D:10     | Reached skill level 10 in Shields
  6400 | D:10     | Noticed a two-headed ogre
  6410 | D:10     | Killed a two-headed ogre
  6587 | D:11     | Noticed a tengu warrior
  6601 | D:11     | Killed a tengu warrior
  6604 | D:11     | Reached skill level 10 in Axes
  6733 | D:11     | Noticed a two-headed ogre
  6741 | D:11     | Killed a two-headed ogre
  6742 | D:11     | Reached skill level 11 in Dodging
  6815 | D:11     | Found a blossoming altar of Fedhas.
  7038 | D:11     | Noticed a two-headed ogre
  7048 | D:11     | Killed a two-headed ogre
  7182 | D:12     | Noticed Azrael
  7199 | D:11     | Killed Azrael
  7199 | D:11     | Reached ****** piety under Okawaru
  7262 | D:11     | Reached skill level 12 in Dodging
  7266 | D:11     | Identified the +1 hat "Fol Xerph" {rCorr Str+2 Int-4 Dex+3}
                  | (Okawaru gifted it to you on level 11 of the Dungeon)
  7266 | D:11     | Received a gift from Okawaru
  7333 | D:12     | Reached XP level 12. HP: 105/110 MP: 11/11
  7334 | D:12     | Noticed Josephine
  7506 | D:12     | Killed Josephine
  7805 | D:12     | Identified the +5 falchion "Beastbane" {protect, rPois rF-
                  | Will+}
  7894 | D:12     | Reached skill level 13 in Dodging
  8209 | D:13     | Found a frozen archway.
  8268 | IceCv    | Entered an ice cave
  8415 | IceCv    | HP: 7/168 [death yak simulacrum (33)]
  8633 | IceCv    | Received a gift from Okawaru
  8810 | IceCv    | Noticed a reaper
  8828 | IceCv    | Killed a reaper
  8996 | D:13     | Noticed Lodul
  9003 | D:13     | Reached skill level 14 in Dodging
  9003 | D:13     | Reached XP level 13. HP: 105/119 MP: 12/12
  9009 | D:13     | Killed Lodul
  9145 | D:13     | Received a gift from Okawaru
  9238 | D:13     | Identified the ring of Keosyu {rC+ rCorr Str+6 Dex+3}
  9655 | D:13     | Reached skill level 15 in Dodging
  9665 | D:13     | Identified the +8 plate armour of the Big Bang {Fly Dex+5}
                  | (Okawaru gifted it to you on level 13 of the Dungeon)
  9665 | D:13     | Received a gift from Okawaru
  9836 | D:13     | Noticed Urug
  9842 | D:13     | Paralysed by Urug for 5 turns
  9850 | D:13     | Killed Urug
 10130 | D:13     | Gained mutation: You expend magic power (3 MP) to
                  | strengthen your wands. [potion of mutation]
 10130 | D:13     | Gained mutation: Your movements are slightly less
                  | encumbered by armour. (ER -2) [potion of mutation]
 10300 | D:14     | Noticed Rupert
 10300 | D:14     | Found a gate to the Vaults.
 10382 | D:13     | Reached XP level 14. HP: 122/130 MP: 13/13
 10506 | D:13     | Killed Rupert
 10887 | D:14     | Identified the +5 hand cannon "Kuecs" {freeze, Dex+4
                  | Stlth+} (Okawaru gifted it to you on level 14 of the
                  | Dungeon)
 10887 | D:14     | Received a gift from Okawaru
 10946 | D:14     | Reached skill level 16 in Dodging
 11157 | D:14     | Noticed Agnes
 11176 | D:14     | Killed Agnes
 11358 | D:14     | Identified the +0 buckler of Moral Flaws {Will+}
 11779 | Lair:1   | Entered Level 1 of the Lair of Beasts
 12498 | Lair:2   | Received a gift from Okawaru
 12959 | Lair:2   | Found a staircase to the Swamp.
 13457 | Lair:3   | Found a staircase to the Snake Pit.
 13803 | Lair:3   | Noticed Kirke
 13821 | Lair:3   | Killed Kirke
 14102 | Lair:4   | Found a staircase to the Slime Pits.
 14217 | Lair:4   | Reached XP level 15. HP: 124/139 MP: 14/14
 14354 | Lair:4   | Reached skill level 15 in Armour
 14476 | Lair:4   | Reached skill level 15 in Fighting
 14818 | Lair:5   | Entered Level 5 of the Lair of Beasts
 14828 | Lair:5   | Reached skill level 15 in Shields
 15603 | Lair:5   | Identified the +6 broad axe of Gallantry {flame, rF+}
                  | (Okawaru gifted it to you on level 5 of the Lair of Beasts)
 15603 | Lair:5   | Received a gift from Okawaru
 15735 | Lair:5   | Reached skill level 15 in Axes
 15988 | Lair:5   | Reached skill level 17 in Dodging
 16374 | Orc:1    | Entered Level 1 of the Orcish Mines
 16374 | Orc:1    | Noticed Sonja
 16377 | Orc:1    | Noticed Jorgrun
 16399 | Orc:1    | Killed Jorgrun
 16414 | Orc:1    | Killed Sonja
 16464 | Orc:1    | Received a gift from Okawaru
 16637 | Orc:2    | Entered Level 2 of the Orcish Mines
 16637 | Orc:2    | Found Elem's Jewellery Shop.
 16976 | Orc:2    | Noticed Blork the orc
 16983 | Orc:2    | Killed Blork the orc
 17009 | Orc:2    | Found Ysoniups's Antique Weapon Shoppe.
 17125 | Orc:2    | Found a staircase to the Elven Halls.
 17282 | Orc:2    | Found Wioroem's Antique Armour Shoppe.
 17297 | Orc:2    | Found Daikked's Jewellery Shoppe.
 17304 | Orc:2    | Bought the amulet of Vitality {RegenMP++ Regen++} for 1300
                  | gold pieces
 17304 | Orc:2    | Found the amulet of Vitality {RegenMP++ Regen++}
 17331 | Orc:2    | Noticed Erolcha
 17351 | Orc:2    | Killed Erolcha
 17481 | Orc:2    | Found Beni's General Store.
 17487 | Orc:2    | Bought a potion of resistance for 170 gold pieces
 17487 | Orc:2    | Bought a potion of curing for 51 gold pieces
 17487 | Orc:2    | Bought a potion of berserk rage for 85 gold pieces
 17523 | Orc:2    | Found Faywuppa's Distillery.
 17526 | Orc:2    | Bought a potion of might for 44 gold pieces
 17526 | Orc:2    | Bought a potion of might for 44 gold pieces
 17526 | Orc:2    | Bought a potion of curing for 33 gold pieces
 17526 | Orc:2    | Bought a potion of berserk rage for 55 gold pieces
 17526 | Orc:2    | Bought a potion of curing for 33 gold pieces
 17600 | Orc:2    | Bought a potion of resistance for 110 gold pieces
 17703 | D:15     | Entered Level 15 of the Dungeon
 18047 | D:15     | Reached XP level 16. HP: 144/151 MP: 15/15
 18051 | D:15     | Received a gift from Okawaru
 18109 | D:15     | Found a staircase to the Depths.
 18291 | D:15     | Found a stormy altar of Qazlal.
 18790 | Snake:1  | Entered Level 1 of the Snake Pit
 18931 | Snake:1  | Noticed Mlioglotl
 18939 | Snake:1  | Killed Mlioglotl
 18999 | Snake:1  | Identified the ring "Kanlebb" {rPois rC+ Dex+3}
 19114 | Snake:1  | Identified the +8 quarterstaff of Putemp {elec, Int+4
                  | Stlth+}
 19155 | Snake:1  | Found Uvucwomm's Distillery.
 19160 | Snake:1  | Found Anudduusm's Magic Scroll Shoppe.
 19163 | Snake:1  | Bought 2 potions of curing for 72 gold pieces
 19163 | Snake:1  | Bought a potion of curing for 36 gold pieces
 19163 | Snake:1  | Bought a potion of curing for 36 gold pieces
 19437 | Snake:2  | Identified the +10 plate armour "Butten" {rPois rN+}
                  | (Okawaru gifted it to you on level 2 of the Snake Pit)
 19437 | Snake:2  | Received a gift from Okawaru
 19783 | Snake:2  | You fall into a shaft and drop 1 floor!
 19794 | Snake:3  | Reached skill level 18 in Dodging
 20160 | Snake:2  | Found Muler's Weapon Shop.
 20175 | Snake:2  | Found a runed translucent door.
 20175 | Snake:2  | Noticed Wonea's ghost (journeyman FeSh)
 20195 | Snake:2  | Killed Wonea's ghost
 20920 | Snake:4  | Entered Level 4 of the Snake Pit
 21086 | Snake:4  | Reached XP level 17. HP: 126/161 MP: 16/16
 21094 | Snake:4  | Received a gift from Okawaru
 21389 | Snake:4  | Noticed Nikola
 21420 | Snake:4  | Killed Nikola
 21767 | Snake:4  | Received a gift from Okawaru
 21915 | Snake:4  | Got a serpentine rune of Zot
 22459 | Swamp:1  | Entered Level 1 of the Swamp
 22522 | Swamp:1  | Paralysed by a fenstrider witch for 4 turns
 22587 | Swamp:1  | Noticed a tentacled monstrosity
 22602 | Swamp:1  | Identified the +2 chain mail of Enwosh {rElec rPois Str-5
                  | SInv} (Okawaru gifted it to you on level 1 of the Swamp)
 22602 | Swamp:1  | Received a gift from Okawaru
 22613 | Swamp:1  | Killed a tentacled monstrosity
 22649 | Swamp:1  | You fall into a shaft and drop 1 floor!
 23130 | Swamp:2  | Reached skill level 19 in Dodging
 23388 | Swamp:2  | Found a runed translucent door.
 23388 | Swamp:2  | Paralysed by a fenstrider witch for 2 turns
 23398 | Swamp:2  | Paralysed by a fenstrider witch for 3 turns
 23400 | Swamp:2  | HP: 3/163 [fenstrider witch (9)]
 23400 | Swamp:2  | Slain by a fenstrider witch

Illustrated notes

Levels and vault maps discovered:
D:1:      amcnicky_arrival_wind_blow, layout_loops_cross,
          hellmonk_ecumenical_altar_inner_sanctum
D:2:      layout_basic
D:3:      layout_basic, small_statue_alley_b, minivault_11, uniq_jessica,
          uniq_terence
D:4:      layout_basic, temple_pool_b, chequers_arboretum, minmay_goblin_outpost
D:5:      layout_rooms
D:6:      layout_basic, overflow_temple_1_default, serial_shops,
          nicolae_shop_overgrown_old_shop, nicolae_shop_peninsula, shop,
          gammafunk_ghost_icy
D:7:      layout_rooms, minmay_manual_mares
D:8:      layout_loops_ring, dpeg_lair_monsters
D:9:      layout_small_grid, serial_shops, shop, shop_statue,
          nicolae_shop_stone, kennysheep_flooded_box
D:10:     layout_loops_cross, minmay_orc_entry_temple_small, serial_shops, shop
D:11:     layout_long_grid, fedhas_altar_1
D:12:     layout_small_grid, uniq_azrael, uniq_josephine
D:13:     hangedman_cross_cluster, layout_basic,
          portal_ice_cave_entry_ice_simulacra, uniq_urug, uniq_lodul
D:14:     layout_grid_maze, david_vaults_3, uniq_agnes
D:15:     hangedman_depths_entry_civil_slaughter, layout_cross,
          grunt_qazlal_clouds
Temple:   nicolae_temple_the_god_donut
Lair:1:   layout_regular_city, wad_woods_road_03
Lair:2:   layout_regular_city, skrybe_swamp_entry_bodies, st_stairs_12,
          grunt_megastairs_5
Lair:3:   layout_regular_city, guppyfry_snake_entry_garden,
          cheibrodos_lair_caveside_slide, uniq_kirke
Lair:4:   layout_roguey, slime_entry_1, pond
Lair:5:   due_jungle_book, layout_regular_city
Swamp:1:  layout_falls_marsh, evilmike_swamp_ruin_house_1, swamp_pool3
Swamp:2:  layout_falls_marsh, evilmike_swamp_ruin_house_4,
          nzn_swamp_weyward_sisters
Snake:1:  layout_rooms, grunt_megastairs_4, minmay_shop_star, uniq_mlioglotl
Snake:2:  layout_rooms, gammafunk_ghost_grave, serial_shops, shop,
          grunt_ministairs_14
Snake:3:  layout_cave_shapes
Snake:4:  johnstein_snake_rune_scales, layout_cave_shapes, serial_bayou_shore_b,
          uniq_nikola
Orc:1:    layout_caves, uniq_jorgrun, uniq_sonja
Orc:2:    grunt_orc_cross, layout_caves, serial_shops,
          nicolae_shop_behind_doors, nicolae_shop_crystal, uniq_erolcha

Skill      XL: |  1  2  3  4  5  6  7  8  9 10 11 12 13 14 15 16 17 |
---------------+----------------------------------------------------+-----
Dodging        | 1 2 3 4 5 8 10 12 14 15 16 17 18 19 | 19.0
Fighting       | 4 5 6 7 8 9 11 12 13 14 16 17 18 | 18.0
Armour         | 4 5 6 7 8 9 11 12 13 14 16 17 18 | 18.1
Shields        | 4 5 6 7 8 9 11 12 13 14 16 17 18 | 18.1
Axes           | 3 4 5 6 8 9 10 12 13 14 15 16 17 | 17.8

Action                     |  1- 3 |  4- 6 |  7- 9 | 10-12 | 13-15 | 16-18 || total
---------------------------+-------+-------+-------+-------+-------+-------++-------
  Melee: War axe           |   107 |    93 |   159 |   476 |  1132 |       ||  1967
         Headbutt          |    14 |    17 |    30 |   118 |   316 |   150 ||   645
         Broad axe         |       |       |       |       |    36 |   660 ||   696
 Invoke: Heroism           |       |       |     1 |     4 |     6 |     3 ||    14
  Evoke: Wand              |       |       |       |     7 |     3 |       ||    10
    Use: Scroll            |     8 |     2 |     9 |     7 |     7 |     4 ||    37
         Potion            |       |     1 |     3 |     7 |     7 |     9 ||    27
   Stab: Invisible         |       |       |       |       |    21 |       ||    21
         Paralysed         |       |       |       |       |     5 |       ||     5
 Armour: Scale mail        |    62 |    59 |    38 |       |       |       ||   159
         Chain mail        |       |       |    88 |   580 |   780 |   134 ||  1582
         Plate armour      |       |       |       |       |       |   367 ||   367
  Dodge: Dodged            |    42 |    52 |    87 |   303 |   789 |   415 ||  1688
  Block: Buckler           |    24 |    18 |    42 |   144 |   416 |    78 ||   722
         Kite shield       |       |       |       |       |       |   436 ||   436

Table legend: (Time is in decaauts)
 A = Elapsed time spent in this place.
 B = Non-inter-level travel time spent in this place.
 C = Inter-level travel time spent in this place.
 D = Time resting spent in this place.
 E = Time spent auto-exploring this place.
 F = Levels seen in this place.
 G = Mean time per level.
                   A        B        C        D        E       F      G
               +--------+--------+--------+--------+--------+-----+--------+
         Total |  23284 |  21913 |   1371 |   1686 |  14966 |  30 |  776.1 |
       Dungeon |  12254 |  11483 |    771 |    848 |   7983 |  15 |  816.9 |
        Temple |     50 |      1 |     49 |      0 |      0 |   1 |   50.0 |
          Lair |   4512 |   4237 |    275 |    121 |   3241 |   5 |  902.4 |
         Swamp |    983 |    976 |      7 |      0 |    728 |   2 |  491.5 |
     Snake Pit |   3582 |   3396 |    186 |    440 |   2027 |   4 |  895.5 |
  Orcish Mines |   1202 |   1120 |     82 |     58 |    748 |   2 |  601.0 |
      Ice Cave |    698 |    698 |      0 |    218 |    237 |   1 |  698.0 |
               +--------+--------+--------+--------+--------+-----+--------+

Top non-repeatable levels by time:
    D:13: 1794 daAuts
 Snake:4: 1413 daAuts
  Lair:5: 1377 daAuts
    D:14: 930 daAuts
    D:15: 899 daAuts
    D:11: 897 daAuts
    D:10: 863 daAuts
 Snake:1: 859 daAuts
     D:4: 854 daAuts
  Lair:3: 849 daAuts
  Lair:2: 849 daAuts
    D:12: 816 daAuts
     D:9: 798 daAuts
     D:6: 769 daAuts
     D:8: 756 daAuts
